 Dungeon Crawl Stone Soup version 0.29-a0-813-g4a14ea37d6 (webtiles) character file.

Game seed: 4265101237673864880

51 LynnLen the Sneak (level 3, 0/19 HPs)
             Began as a Vampire Enchanter on July 4, 2022.
             Slain by Robin
             ... wielding a +1 short sword of draining
              (3 damage)
             ... on level 2 of the Dungeon.
             The game lasted 00:04:12 (1614 turns).

LynnLen the Sneak (Vampire Enchanter)               Turns: 1614, Time: 00:04:13

Health: 0/19       AC:  2    Str:  7    XL:     3   Next: 58%
Magic:  6/6        EV: 13    Int: 17    God:
Gold:   91         SH:  0    Dex: 16    Spells: 0/6 levels left

rFire   . . .      SeeInvis +   a - +1 dagger
rCold   + + .      Faith    .   (no shield)
rNeg    + + +      Spirit   .   b - +0 robe
rPois   ∞          Reflect  .   (no helmet)
rElec   .          Harm     .   (no cloak)
rCorr   .          Rampage  .   (no gloves)
Will    .....                   (no boots)
Stlth   +++++.....              (no amulet)
HPRegen 0.00/turn               (no ring)
MPRegen 0.10/turn               (no ring)

@: bloodless, inhibited regen
A: bloodless, fangs 3, see invisible, vampiric 2
a: Bat Form, Revivify


You were on level 2 of the Dungeon.
You visited 1 branch of the dungeon, and saw 2 of its levels.

You collected 91 gold pieces.

Inventory:

Hand Weapons
 a - a +1 dagger (weapon)
Armour
 b - a +0 robe (worn)
Scrolls
 g - 3 scrolls of magic mapping {unknown}
 h - a scroll of teleportation {unknown}
 i - a scroll of noise {unknown}
Potions
 c - 2 potions of invisibility


   Skills:
 + Level 1.1 Short Blades
 * Level 2.7 Dodging
 * Level 6.2 Stealth
 + Level 2.0 Spellcasting
 + Level 4.8 Hexes


You couldn't memorise any spells.
You knew the following spells:

 Your Spells              Type           Power      Damage    Failure   Level
a - Confusing Touch       Hex            18%        N/A       8%          3
b - Tukima's Dance        Hex            18%        N/A       8%          3

Your spell library contained the following spells:

 Spells                   Type           Power      Damage    Failure   Level
 Ensorcelled Hibernation  Hex/Ice        20%        N/A       11%         2
 Dazzling Flash           Conj/Hex       20%        N/A       22%         3


Dungeon Overview and Level Annotations

Branches:
Dungeon (2/15)

Altars:

Annotations:
D:2 Robin


Innate Abilities, Weirdness & Mutations

You do not regenerate when monsters are visible.
You are frail without blood (-20% HP).
You can heal yourself when you bite living creatures.
You are immune to poison.
You have razor-sharp teeth.
You have supernaturally acute eyesight. (SInv)
You are afflicted with vampirism and can become a bat while bloodless.


Message History

You kill the rat!
The goblin hits you with a +0 dagger.
* * * LOW HITPOINT WARNING * * *
You feel better. Robin barely misses you. The goblin misses you.
You barely miss Robin. The goblin barely misses you. Robin barely misses you.
You hit Robin.
Robin is lightly wounded.
A goblin comes into view. It is wielding a +0 dagger.
Robin hits you with a +1 short sword of draining.
The goblin hits you with a +0 dagger.
Unknown command.
Unknown command.
Cast which spell? (? or * to list)
Okay, then.
You feel better.
Robin hits you with a +1 short sword of draining.
The goblin hits you with a +0 dagger.
You closely miss Robin.
Robin is lightly wounded.
The goblin hits you with a +0 dagger.
Robin roars a battlecry!
The goblin goes into a battle-frenzy!
You hear a shout!
You closely miss Robin. You bite Robin.
You draw Robin's blood!
You feel better.
Robin is lightly wounded.
You hit Robin.
Robin is moderately wounded.
A hobgoblin comes into view.
Robin barely misses you. The goblin closely misses you.
You hit Robin. You bite Robin, but do no damage.
Robin is moderately wounded.
The goblin completely misses you.
Robin hits you with a +1 short sword of draining.
You barely miss Robin. You bite Robin, but do no damage.
Robin is moderately wounded.
The goblin hits you with a +0 dagger.
* * * LOW HITPOINT WARNING * * *
Robin hits you with a +1 short sword of draining.
You die...

#P..#.#######
##.#.#.#
##P†#.'P#
#####P_P#####
#.'.#P.##
#.#.#.###
#.#...#.# #
#.###8#.#.#
#g@gJg#J#.#
#####g#...
#.###.#.###
#........g#
###.#.g.g.#
#.#.....# #
#.#r.g..
......#g#
.......+ ..


You could see Robin (invisible), an endoplasm, a hobgoblin and 2 goblins.

Vanquished Creatures
  2 adders (D:2)
  A dart slug (D:2)
  2 endoplasms
  2 giant cockroaches (D:1)
  4 goblins
  2 hobgoblins (D:1)
  3 jackals (D:1)
  A quokka (D:1)
  2 ball pythons
  3 bats (D:1)
  6 frilled lizards
  A kobold (D:2)
  3 rats
32 creatures vanquished.

Vanquished Creatures (others)
  2 fungi (D:2)
2 creatures vanquished.

Grand Total: 34 creatures vanquished

Notes
Turn   | Place    | Note
-------+----------+-------------------------------------------
     0 | D:1      | LynnLen the Vampire Enchanter began the quest for the Orb.
     0 | D:1      | Reached XP level 1. HP: 13/13 MP: 3/3
   367 | D:1      | Reached XP level 2. HP: 15/15 MP: 5/5
   440 | D:1      | Reached skill level 5 in Stealth
  1252 | D:2      | Gained mutation: You are afflicted with vampirism and can
                  | become a bat while bloodless. [Vampire growth]
  1252 | D:2      | Reached XP level 3. HP: 11/19 MP: 6/6
  1256 | D:2      | Learned a level 3 spell: Confusing Touch
  1260 | D:2      | Learned a level 3 spell: Tukima's Dance
  1517 | D:2      | Reached skill level 6 in Stealth
  1542 | D:2      | Found a faded altar of an unknown god.
  1582 | D:2      | Noticed Robin
  1614 | D:2      | Slain by Robin

Illustrated notes

Levels and vault maps discovered:
D:1:      ncdulo_watergridlock, layout_loops_corners
D:2:      layout_basic, shapermc_ecumenical_altar_ellora, uniq_terence,
          uniq_robin

Skill      XL: |  1  2  3 |
---------------+----------+-----
Stealth        | 5 6 |  6.2
Short Blades   | |  1.1
Dodging        | |  2.7
Spellcasting   | |  2.0
Hexes          | |  4.8

Action                   || total
-------------------------++-------
Melee: Dagger            ||    88
       Bite              ||     7
 Abil: Exsanguinate      ||     1
  Use: Scroll            ||     2
       Potion            ||     3
 Stab: Sleeping          ||    18
Armor: Robe              ||    23
Dodge: Dodged            ||    53

Table legend: (Time is in decaauts)
 A = Elapsed time spent in this place.
 B = Non-inter-level travel time spent in this place.
 C = Inter-level travel time spent in this place.
 D = Time resting spent in this place.
 E = Time spent auto-exploring this place.
 F = Levels seen in this place.
 G = Mean time per level.
                   A        B        C        D        E       F      G
               +--------+--------+--------+--------+--------+-----+--------+
         Total |   1609 |   1609 |      0 |    343 |    769 |   2 |  804.5 |
       Dungeon |   1609 |   1609 |      0 |    343 |    769 |   2 |  804.5 |
               +--------+--------+--------+--------+--------+-----+--------+

Top non-repeatable levels by time:
     D:1: 1208 daAuts
     D:2: 401 daAuts
